 Dungeon Crawl Stone Soup version 0.22.1-2-g9c5b331 (console) character file.

1329 toffzen the Grappler (level 8, -10/121 HPs)
             Began as a Troll Chaos Knight on Dec 13, 2018.
             Mangled by an iron imp (12 damage)
             ... summoned by Xom
             ... on level 5 of the Dungeon.
             The game lasted 00:18:45 (4115 turns).

toffzen the Grappler (Troll Chaos Knight)           Turns: 4115, Time: 00:18:47

Health: -10/121    AC:  7    Str: 26    XL:     8   Next: 34%
Magic:  7/7        EV: 10    Int:  8    God:    Xom [*.....]
Gold:   174        SH:  0    Dex: 11    Spells: 7/7 levels left

rFire    . . .     SeeInvis .     - Unarmed
rCold    . . .     Gourm    +   (no shield)
rNeg     . . .     Faith    .   a - +2 robe
rPois    .         Spirit   .   (helmet restricted)
rElec    .         Reflect  .   (no cloak)
rCorr    .         Harm     .   (gloves unavailable)
MR       .....                  (boots unavailable)
Stlth    ..........             (no amulet)
HPRegen  0.70/turn              (no ring)
MPRegen  0.10/turn              (no ring)

@: berserking (expiring), very slightly contaminated, very quick
A: large, unfitting armour, claws 3, blurry vision 1, fast metabolism 3,
gourmand, regeneration 1, shaggy fur 1, tough skin 2, sturdy frame 1
a: Renounce Religion


You were on level 5 of the Dungeon.
You worshipped Xom.
You were a special plaything of Xom.
You were completely stuffed.

You visited 1 branch of the dungeon, and saw 5 of its levels.

You collected 174 gold pieces.

Inventory:

Missiles
 e - 175 stones (quivered)
Armour
 a - a +2 robe (worn)
Scrolls
 c - a scroll of random uselessness {unknown}
 d - a scroll of fog {unknown}
 f - a scroll of immolation
 i - 4 scrolls of identify
 j - a scroll of remove curse
 k - a scroll of teleportation {unknown}
 m - a scroll of fear
 r - a scroll of amnesia {unknown}
Potions
 l - a potion of curing
 n - a potion of invisibility {unknown}
 o - a potion of degeneration {unknown}
 p - a potion of brilliance {unknown}
 s - a potion of lignification {unknown}
Comestibles
 b - 9 rations
 q - 12 chunks of flesh


   Skills:
 + Level 5.4 Fighting
 - Level 1.9 Dodging
 * Level 8.9 Unarmed Combat


You had 7 spell levels left.
You didn't know any spells.
Your spell library was empty.

Dungeon Overview and Level Annotations

Branches:
Dungeon (5/15)             Temple (0/1) D:4

Altars:
Gozag
Hepliaklqana
Okawaru
Wu Jian
Xom


Innate Abilities, Weirdness & Mutations

You are too large for most types of armour.
You have claws for hands.
Your metabolism is lightning-fast.
You like to eat raw meat.
Your natural rate of healing is unusually fast.
You are covered in fur. (AC +1)
You have very tough skin. (AC +2)
Scrolls take you a little longer to read.
Your movements are slightly less encumbered by armour. (ER -2)


Message History

You scratch the chaos spawn but do no damage.
The smoke demon disappears in a puff of smoke!
The chaos spawn hits you!
* * * LOW HITPOINT WARNING * * *
The chaos spawn freezes you!
* * * LOW HITPOINT WARNING * * *
You barely miss the chaos spawn. You claw the chaos spawn!
The chaos spawn is heavily wounded.
The chaos spawn gores you.
* * * LOW HITPOINT WARNING * * *
The chaos spawn freezes you!
* * * LOW HITPOINT WARNING * * *
The iron imp closely misses you.
You mangle the chaos spawn!!
You kill the chaos spawn!
The chaos spawn degenerates into a cloud of primal chaos!
You barely miss the iron imp. The iron imp hits you!
You die...
Xom guffaws!

###...##......####+##########
.####...####+#.....# #
.........#...#.....#
.........#...#.....#
.........#...#.....#
.........#...'.....#
.........#...#.....#
.........#...#.....#
...##...###..#.....#### ...
#...####'###......# ..
#........5@#......#
#........ยง.#......#
#..........#......#
#..........#......#
############......# ########


You could see an iron imp.

Vanquished Creatures
  Prince Ribbit (D:5)
  2 ice beasts
  2 phantoms
  An ogre (D:4)
  A centaur (D:5)
  A bullfrog skeleton (D:5)
  A gnoll shaman (D:5)
  4 hounds
  An iguana (D:5)
  4 orc wizards
  A worker ant (D:5)
  A hound skeleton (D:5)
  9 gnolls
  4 adders
  An ooze (D:3)
  An adder zombie (D:5)
  An adder skeleton (D:4)
  3 worms
  5 dart slugs
  4 leopard geckos
  15 orcs
  3 giant cockroaches
  6 goblins
  13 hobgoblins
  8 jackals
  2 quokkas
  7 bats
  4 frilled lizards
  2 kobolds (D:2)
  A quokka skeleton (D:5)
  7 rats
116 creatures vanquished.

Notes
Turn   | Place    | Note
-------+----------+-------------------------------------------
     0 | D:1      | toffzen the Troll Chaos Knight began the quest for the Orb.
     0 | D:1      | Reached XP level 1. HP: 22/22 MP: 0/0
   158 | D:1      | Reached XP level 2. HP: 29/29 MP: 1/1
   834 | D:1      | XOM: harmless Tmut miscast
  1044 | D:2      | XOM: silly message
  1049 | D:2      | Reached XP level 3. HP: 30/36 MP: 2/2
  1115 | D:2      | Reached skill level 4 in Unarmed Combat
  1186 | D:2      | XOM: mild Tmut miscast
  1256 | D:2      | XOM: mild Air miscast
  1360 | D:2      | Noticed a killer bee
  1458 | D:2      | Reached XP level 4. HP: 16/45 MP: 3/3
  1690 | D:2      | XOM is BORED!
  1690 | D:2      | XOM: harmless Erth miscast
  1724 | D:2      | XOM: harmless Erth miscast
  1769 | D:3      | Reached skill level 5 in Unarmed Combat
  1769 | D:3      | Reached XP level 5. HP: 39/53 MP: 4/4
  1885 | D:3      | Found an ornate altar of the Wu Jian Council.
  2020 | D:3      | Noticed an ice beast
  2034 | D:3      | XOM: fake destruction
  2043 | D:3      | Killed an ice beast
  2095 | D:3      | Reached XP level 6. HP: 61/62 MP: 5/5
  2134 | D:3      | XOM: noise
  2137 | D:3      | Found a shimmering altar of Xom.
  2141 | D:3      | XOM: harmless Tmut miscast
  2591 | D:4      | XOM: confusion
  2604 | D:4      | Reached skill level 6 in Unarmed Combat
  2725 | D:4      | Found a staircase to the Ecumenical Temple.
  2726 | D:4      | XOM: give mutations
  2726 | D:4      | Gained mutation: Scrolls take you a little longer to read.
                  | [Xom's mischief]
  2726 | D:4      | Gained mutation: Your movements are slightly less
                  | encumbered by armour. (ER -2) [Xom's mischief]
  2838 | D:4      | XOM is BORED!
  2838 | D:4      | XOM: silly message
  2932 | D:4      | Reached skill level 7 in Unarmed Combat
  2932 | D:4      | Reached XP level 7. HP: 67/71 MP: 6/6
  3022 | D:4      | Found a hazy altar of Hepliaklqana.
  3075 | D:4      | Found an opulent altar of Gozag.
  3165 | D:4      | XOM: cloud trail
  3254 | D:4      | XOM: harmless Erth miscast
  3306 | D:4      | XOM: mild Tmut miscast
  3491 | D:5      | Entered Level 5 of the Dungeon
  3584 | D:5      | XOM: cast spell 'Olgreb's Toxic Radiance'
  3619 | D:5      | XOM: divination: magic mapping
  3625 | D:5      | XOM: mild Conj miscast
  3627 | D:5      | XOM: potion effect (haste)
  3679 | D:5      | Reached skill level 5 in Fighting
  3679 | D:5      | Reached skill level 8 in Unarmed Combat
  3774 | D:5      | XOM: silly message
  3783 | D:5      | Found a shimmering altar of Xom.
  3800 | D:5      | Found a shimmering altar of Xom.
  3800 | D:5      | Found a shimmering altar of Xom.
  3808 | D:5      | XOM: silly message
  3829 | D:5      | XOM: harmless Air miscast
  3876 | D:5      | Found an iron altar of Okawaru.
  3922 | D:5      | Noticed Prince Ribbit
  3931 | D:5      | XOM: harmless Ice miscast
  3939 | D:5      | Killed Prince Ribbit
  3939 | D:5      | Reached XP level 8. HP: 64/80 MP: 7/7
  3975 | D:5      | XOM: potion effect (invisibility)
  4069 | D:5      | XOM: summons 4 hostile demons
  4070 | D:5      | Noticed a smoke demon
  4070 | D:5      | Noticed an ice devil
  4113 | D:5      | HP: 1/121 [chaos spawn[Xom] (17)]
  4115 | D:5      | Mangled by an iron imp

Skill      XL: |  1  2  3  4  5  6  7 |
---------------+----------------------+-----
Unarmed Combat | 4 5 7 8 |  8.9
Fighting       | 3 4 5 |  5.4
Dodging        | |  1.9

Action                   |  1- 3 |  4- 6 |  7- 9 || total
-------------------------+-------+-------+-------++-------
Melee: Unarmed           |   109 |   161 |    87 ||   357
       Punch             |     1 |     3 |     2 ||     6
Throw: Stone             |       |       |     5 ||     5
  Use: Scroll            |     1 |     3 |     4 ||     8
       Potion            |     1 |     1 |     2 ||     4
 Stab: Sleeping          |       |     1 |       ||     1
       Invisible         |       |       |     4 ||     4
  Eat: Chunk             |    19 |    13 |    11 ||    43
Armor: Robe              |    48 |    45 |    22 ||   115
Dodge: Dodged            |    57 |    60 |    37 ||   154
